[ AOE2 MATCH · #506245090 ]
UnrankedTurks vs Chinese
Player's team · LOSS
Rival team · WIN
[ REPLAY ANALYSIS · EXTRACTED FROM THE RECORDED GAME ]
Feudal
13:14
Castle
20:09
Imperial
36:12
| APM avg | 53.3 |
| APM peak | 82 |
| eAPM avg | 22.2 |
| Villagers / military | 97 / 36 |
Focus
⚔️ 27.3% · 🌾 72.7%
Camel Scout ×11 · Skirmisher ×7 · Cavalry Archer ×6 · Militia ×5 · Monk ×3 · Scout Cavalry ×2
Feudal
9:27
Castle
20:27
Imperial
34:13
| APM avg | 68.5 |
| APM peak | 142 |
| eAPM avg | 24.3 |
| Villagers / military | 137 / 80 |
Focus
⚔️ 26.2% · 🌾 73.8%
Fire Lancer ×35 · Archer ×19 · Knight ×17 · Trebuchet (Packed) ×5 · Monk ×4
Match map
Initial resources + every placement click. Lines = walls · curves = elevation contours. ◆ gold · ⬟ stone · ● berries · ✦ relic · ◌ wall gap
Your base· Open — unwalled flank
Fs.ShaDoWn's base· ✓ Closed at 20:27 · 37t walls · 1 gate(s)
Smoothed initial terrain · ◌ = detected wall gap · hover for details
Inputs per minute
— CORP_hector_sin_elo - - Fs.ShaDoWn
Build order — CORP_hector_sin_elo
First 150 of 279 actions detected
| 0:01 | Create | Villager (Male) |
| 0:01 | Create | Villager (Male) |
| 0:02 | Build | House |
| 0:03 | Build | House |
| 0:40 | Create | Villager (Male) |
| 0:40 | Create | Villager (Male) |
| 1:35 | Create | Villager (Male) |
| 1:55 | Create | Villager (Male) |
| 2:19 | Create | Villager (Male) |
| 2:43 | Create | Villager (Male) |
| 3:13 | Build | Barracks |
| 3:16 | Create | Villager (Male) |
| 3:48 | Create | Villager (Male) |
| 3:54 | Build | House |
| 4:07 | Create | Villager (Male) |
| 4:27 | Build | House |
| 4:29 | Create | Militia |
| 4:41 | Create | Villager (Male) |
| 4:53 | Create | Militia |
| 5:09 | Create | Villager (Male) |
| 5:12 | Build | Lumber Camp |
| 5:23 | Create | Militia |
| 5:38 | Create | Villager (Male) |
| 5:51 | Create | Militia |
| 6:08 | Create | Villager (Male) |
| 6:13 | Build | House |
| 6:38 | Create | Villager (Male) |
| 6:44 | Build | House |
| 7:04 | Create | Villager (Male) |
| 7:14 | Create | Militia |
| 7:18 | Create | Villager (Male) |
| 7:23 | Build | Mill |
| 7:35 | Build | Palisade Wall |
| 7:35 | Build | Palisade Wall |
| 7:47 | Create | Villager (Male) |
| 7:57 | Create | Villager (Male) |
| 8:06 | Build | Palisade Wall |
| 8:06 | Build | Palisade Wall |
| 8:07 | Build | Palisade Wall |
| 8:07 | Build | Palisade Wall |
| 8:08 | Build | Palisade Wall |
| 8:08 | Build | Palisade Wall |
| 8:20 | Create | Villager (Male) |
| 8:39 | Create | Villager (Male) |
| 8:41 | Build | Farm |
| 8:42 | Build | Farm |
| 9:01 | Create | Villager (Male) |
| 9:02 | Build | Farm |
| 9:11 | Create | Villager (Male) |
| 9:39 | Build | Farm |
| 10:04 | Build | Farm |
| 10:15 | Build | Palisade Wall |
| 10:17 | Build | Palisade Wall |
| 10:17 | Build | Palisade Wall |
| 10:17 | Build | Palisade Wall |
| 10:18 | Build | Palisade Wall |
| 10:26 | Create | Villager (Male) |
| 10:34 | Build | Mining Camp |
| 10:52 | Build | Palisade Wall |
| 10:53 | Build | Palisade Wall |
| 10:54 | Build | Palisade Wall |
| 10:54 | Build | Palisade Wall |
| 10:55 | Build | Palisade Wall |
| 10:55 | Build | Palisade Wall |
| 11:04 | Research | Feudal Age |
| 11:23 | Build | House |
| 11:24 | Build | Palisade Wall |
| 11:27 | Build | Palisade Wall |
| 11:28 | Build | Palisade Wall |
| 11:29 | Build | Palisade Wall |
| 11:29 | Build | Palisade Wall |
| 11:30 | Build | Palisade Wall |
| 11:31 | Build | Palisade Wall |
| 11:35 | Build | Palisade Wall |
| 11:39 | Build | Palisade Wall |
| 11:39 | Build | Palisade Wall |
| 12:24 | Research | Loom |
| 13:14 | Age | Feudal Age |
| 13:19 | Build | Archery Range |
| 13:59 | Create | Villager (Male) |
| 14:00 | Create | Skirmisher |
| 14:00 | Create | Skirmisher |
| 14:06 | Create | Skirmisher |
| 14:09 | Build | Blacksmith |
| 14:21 | Create | Skirmisher |
| 14:27 | Create | Villager (Male) |
| 14:37 | Create | Skirmisher |
| 14:53 | Create | Skirmisher |
| 14:54 | Research | Padded Archer Armor |
| 14:57 | Build | Farm |
| 15:06 | Create | Villager (Male) |
| 15:15 | Build | Farm |
| 15:29 | Research | Fletching |
| 15:31 | Create | Villager (Male) |
| 15:33 | Create | Skirmisher |
| 15:44 | Build | Farm |
| 16:02 | Build | Farm |
| 16:05 | Create | Villager (Male) |
| 16:20 | Build | Farm |
| 16:31 | Create | Villager (Male) |
| 16:43 | Build | House |
| 17:01 | Build | House |
| 17:05 | Build | Farm |
| 17:10 | Create | Villager (Male) |
| 17:13 | Build | Farm |
| 17:17 | Build | Farm |
| 17:29 | Research | Castle Age |
| 18:11 | Create | Villager (Male) |
| 18:23 | Build | Stable |
| 18:48 | Research | Scale Barding Armor |
| 19:13 | Build | Stable |
| 19:18 | Create | Scout Cavalry |
| 19:35 | Build | Palisade Wall |
| 19:36 | Build | Palisade Wall |
| 19:47 | Research | Bloodlines |
| 20:00 | Build | Farm |
| 20:02 | Build | Farm |
| 20:08 | Create | Scout Cavalry |
| 20:09 | Age | Castle Age |
| 20:26 | Create | Villager (Male) |
| 20:46 | Build | House |
| 20:59 | Create | Villager (Male) |
| 21:04 | Create | Camel Scout |
| 21:10 | Create | Camel Scout |
| 21:29 | Create | Camel Scout |
| 21:30 | Create | Villager (Male) |
| 21:40 | Build | Mining Camp |
| 21:56 | Build | Watch Tower |
| 22:06 | Build | Palisade Gate |
| 22:14 | Create | Villager (Male) |
| 22:21 | Create | Camel Scout |
| 22:32 | Create | Camel Scout |
| 22:35 | Create | Camel Scout |
| 22:36 | Create | Camel Scout |
| 22:53 | Create | Camel Scout |
| 23:18 | Create | Villager (Male) |
| 23:26 | Build | Town Center |
| 23:36 | Build | Lumber Camp |
| 23:46 | Create | Villager (Male) |
| 24:01 | Build | House |
| 24:10 | Build | House |
| 24:13 | Create | Villager (Male) |
| 24:15 | Create | Villager (Male) |
| 24:19 | Create | Villager (Male) |
| 24:26 | Create | Villager (Male) |
| 24:30 | Create | Camel Scout |
| 24:47 | Build | Monastery |
| 24:49 | Create | Villager (Male) |
| 24:57 | Build | Lumber Camp |
| 25:02 | Create | Villager (Male) |
Build order — Fs.ShaDoWn
First 150 of 338 actions detected
| 0:01 | Research | Loom |
| 0:42 | Create | Villager (Male) |
| 0:42 | Create | Villager (Male) |
| 1:18 | Create | Villager (Male) |
| 1:38 | Create | Villager (Male) |
| 1:38 | Create | Villager (Male) |
| 1:38 | Create | Villager (Male) |
| 1:58 | Build | Lumber Camp |
| 2:11 | Create | Villager (Male) |
| 2:28 | Create | Villager (Male) |
| 2:54 | Create | Villager (Male) |
| 2:55 | Create | Villager (Male) |
| 2:55 | Create | Villager (Male) |
| 3:16 | Create | Villager (Male) |
| 3:29 | Build | House |
| 3:32 | Build | House |
| 3:39 | Create | Villager (Male) |
| 3:40 | Create | Villager (Male) |
| 4:26 | Create | Villager (Male) |
| 4:45 | Build | House |
| 4:46 | Build | Palisade Wall |
| 5:06 | Create | Villager (Male) |
| 5:31 | Create | Villager (Male) |
| 5:32 | Create | Villager (Male) |
| 5:43 | Build | Mill |
| 6:22 | Create | Villager (Male) |
| 6:58 | Build | Palisade Wall |
| 7:00 | Build | Palisade Wall |
| 7:05 | Build | Palisade Wall |
| 7:06 | Build | Palisade Wall |
| 7:17 | Research | Feudal Age |
| 7:17 | Research | Feudal Age |
| 7:24 | Build | Palisade Wall |
| 7:26 | Build | Palisade Wall |
| 7:27 | Build | Palisade Wall |
| 7:33 | Build | Palisade Wall |
| 7:49 | Build | Lumber Camp |
| 7:54 | Build | Palisade Wall |
| 8:36 | Build | House |
| 8:44 | Create | Villager (Male) |
| 9:15 | Create | Villager (Male) |
| 9:20 | Build | Barracks |
| 9:27 | Age | Feudal Age |
| 9:28 | Create | Villager (Male) |
| 9:56 | Create | Villager (Male) |
| 9:57 | Create | Villager (Male) |
| 9:58 | Build | Mining Camp |
| 10:19 | Create | Villager (Male) |
| 10:19 | Create | Villager (Male) |
| 10:25 | Build | House |
| 10:50 | Build | Archery Range |
| 10:57 | Create | Villager (Male) |
| 11:00 | Build | House |
| 11:12 | Research | Double-Bit Axe |
| 11:12 | Research | Double-Bit Axe |
| 11:28 | Create | Archer |
| 11:29 | Create | Archer |
| 11:43 | Research | Horse Collar |
| 11:43 | Research | Horse Collar |
| 11:44 | Create | Villager (Male) |
| 11:57 | Build | Palisade Wall |
| 11:58 | Create | Villager (Male) |
| 12:01 | Build | Farm |
| 12:06 | Create | Archer |
| 12:06 | Create | Archer |
| 12:15 | Create | Villager (Male) |
| 12:15 | Create | Villager (Male) |
| 12:21 | Build | Farm |
| 12:21 | Build | Farm |
| 12:28 | Create | Archer |
| 12:53 | Create | Villager (Male) |
| 12:54 | Build | Farm |
| 12:56 | Build | Farm |
| 12:57 | Build | Farm |
| 13:06 | Create | Villager (Male) |
| 13:08 | Build | Farm |
| 13:09 | Create | Archer |
| 13:09 | Create | Archer |
| 13:28 | Build | Farm |
| 13:29 | Build | Farm |
| 13:48 | Create | Archer |
| 13:48 | Create | Archer |
| 14:09 | Create | Archer |
| 14:50 | Create | Archer |
| 14:52 | Create | Villager (Male) |
| 14:52 | Create | Villager (Male) |
| 14:54 | Build | Farm |
| 14:55 | Build | Farm |
| 15:06 | Create | Villager (Male) |
| 15:17 | Build | Farm |
| 15:17 | Build | Farm |
| 15:18 | Create | Villager (Male) |
| 15:22 | Build | Blacksmith |
| 15:24 | Build | Farm |
| 15:25 | Build | Farm |
| 15:32 | Create | Archer |
| 15:41 | Create | Villager (Male) |
| 16:15 | Build | Farm |
| 16:17 | Build | Farm |
| 16:18 | Build | Farm |
| 16:35 | Build | House |
| 16:36 | Build | House |
| 16:45 | Create | Villager (Male) |
| 17:08 | Create | Villager (Male) |
| 17:46 | Research | Castle Age |
| 17:46 | Research | Castle Age |
| 17:54 | Build | Stable |
| 18:15 | Build | Stable |
| 18:24 | Build | Farm |
| 18:27 | Research | Scale Barding Armor |
| 18:42 | Build | Mill |
| 18:52 | Build | Palisade Wall |
| 18:55 | Build | Palisade Wall |
| 18:58 | Build | Palisade Gate |
| 19:27 | Build | House |
| 19:53 | Create | Villager (Male) |
| 20:03 | Build | Farm |
| 20:23 | Create | Villager (Male) |
| 20:27 | Age | Castle Age |
| 20:30 | Build | Town Center |
| 20:31 | Create | Knight |
| 20:31 | Create | Knight |
| 20:31 | Create | Knight |
| 20:31 | Create | Knight |
| 20:32 | Create | Knight |
| 20:37 | Research | Crossbowman (upgrade) |
| 20:37 | Research | Crossbowman (upgrade) |
| 20:40 | Research | Fletching |
| 20:41 | Research | Fletching |
| 20:48 | Create | Villager (Male) |
| 21:12 | Create | Villager (Male) |
| 21:32 | Create | Villager (Male) |
| 21:41 | Research | Town Watch |
| 21:42 | Research | Bow Saw |
| 21:42 | Research | Bow Saw |
| 21:54 | Create | Villager (Male) |
| 21:54 | Create | Villager (Male) |
| 21:57 | Build | Farm |
| 21:57 | Build | Farm |
| 21:57 | Build | Farm |
| 21:58 | Build | Farm |
| 21:58 | Build | Farm |
| 22:00 | Create | Villager (Male) |
| 22:00 | Create | Villager (Male) |
| 22:59 | Create | Archer |
| 22:59 | Create | Archer |
| 22:59 | Create | Archer |
| 23:00 | Create | Villager (Male) |
| 23:00 | Create | Villager (Male) |
| 23:00 | Create | Villager (Male) |
Match timeline
| 3:13 | CORP_hector_sin_elo · first_building Barracks |
| 4:46 | Fs.ShaDoWn · wall_segment Palisade Wall x15 |
| 6:58 | Fs.ShaDoWn · wall_segment Palisade Wall x1 |
| 7:00 | Fs.ShaDoWn · wall_segment Palisade Wall x1 |
| 7:05 | Fs.ShaDoWn · wall_segment Palisade Wall x1 |
| 7:06 | Fs.ShaDoWn · wall_segment Palisade Wall x1 |
| 7:24 | Fs.ShaDoWn · wall_segment Palisade Wall x1 |
| 7:26 | Fs.ShaDoWn · wall_segment Palisade Wall x1 |
| 7:27 | Fs.ShaDoWn · wall_segment Palisade Wall x1 |
| 7:33 | Fs.ShaDoWn · wall_segment Palisade Wall x1 |
| 7:35 | CORP_hector_sin_elo · wall_segment Palisade Wall x1 |
| 7:35 | CORP_hector_sin_elo · wall_segment Palisade Wall x1 |
| 7:54 | Fs.ShaDoWn · wall_segment Palisade Wall x2 |
| 8:06 | CORP_hector_sin_elo · wall_segment Palisade Wall x1 |
| 8:06 | CORP_hector_sin_elo · wall_segment Palisade Wall x1 |
| 8:07 | CORP_hector_sin_elo · wall_segment Palisade Wall x1 |
| 8:07 | CORP_hector_sin_elo · wall_segment Palisade Wall x4 |
| 8:08 | CORP_hector_sin_elo · wall_segment Palisade Wall x1 |
| 8:08 | CORP_hector_sin_elo · wall_segment Palisade Wall x1 |
| 9:20 | Fs.ShaDoWn · first_building Barracks |
| 9:27 | Fs.ShaDoWn · age_up feudal |
| 10:15 | CORP_hector_sin_elo · wall_segment Palisade Wall x1 |
| 10:17 | CORP_hector_sin_elo · wall_segment Palisade Wall x2 |
| 10:17 | CORP_hector_sin_elo · wall_segment Palisade Wall x2 |
| 10:17 | CORP_hector_sin_elo · wall_segment Palisade Wall x2 |
| 10:18 | CORP_hector_sin_elo · wall_segment Palisade Wall x1 |
| 10:50 | Fs.ShaDoWn · first_building Archery Range |
| 10:52 | CORP_hector_sin_elo · wall_segment Palisade Wall x2 |
| 10:53 | CORP_hector_sin_elo · wall_segment Palisade Wall x4 |
| 10:54 | CORP_hector_sin_elo · wall_segment Palisade Wall x3 |
| 10:54 | CORP_hector_sin_elo · wall_segment Palisade Wall x1 |
| 10:55 | CORP_hector_sin_elo · wall_segment Palisade Wall x1 |
| 10:55 | CORP_hector_sin_elo · wall_segment Palisade Wall x1 |
| 11:24 | CORP_hector_sin_elo · wall_segment Palisade Wall x7 |
| 11:27 | CORP_hector_sin_elo · wall_segment Palisade Wall x1 |
| 11:28 | CORP_hector_sin_elo · wall_segment Palisade Wall x1 |
| 11:29 | CORP_hector_sin_elo · wall_segment Palisade Wall x1 |
| 11:29 | CORP_hector_sin_elo · wall_segment Palisade Wall x1 |
| 11:30 | CORP_hector_sin_elo · wall_segment Palisade Wall x1 |
| 11:31 | CORP_hector_sin_elo · wall_segment Palisade Wall x2 |
| 11:35 | CORP_hector_sin_elo · wall_segment Palisade Wall x1 |
| 11:39 | CORP_hector_sin_elo · wall_segment Palisade Wall x3 |
| 11:39 | CORP_hector_sin_elo · wall_segment Palisade Wall x1 |
| 11:57 | Fs.ShaDoWn · wall_segment Palisade Wall x1 |
| 13:14 | CORP_hector_sin_elo · age_up feudal |
| 13:19 | CORP_hector_sin_elo · first_building Archery Range |
| 17:54 | Fs.ShaDoWn · first_building Stable |
| 18:23 | CORP_hector_sin_elo · first_building Stable |
| 18:52 | Fs.ShaDoWn · wall_segment Palisade Wall x8 |
| 18:55 | Fs.ShaDoWn · wall_segment Palisade Wall x4 |
| 19:35 | CORP_hector_sin_elo · wall_segment Palisade Wall x1 |
| 19:36 | CORP_hector_sin_elo · wall_segment Palisade Wall x14 |
| 20:09 | CORP_hector_sin_elo · age_up castle |
| 20:27 | Fs.ShaDoWn · age_up castle |
| 23:21 | Fs.ShaDoWn · first_building Monastery |
| 24:47 | CORP_hector_sin_elo · first_building Monastery |
| 25:24 | CORP_hector_sin_elo · wall_segment Palisade Wall x1 |
| 26:38 | CORP_hector_sin_elo · wall_segment Palisade Wall x1 |
| 26:40 | CORP_hector_sin_elo · wall_segment Palisade Wall x4 |
| 30:57 | CORP_hector_sin_elo · first_building Castle |
| 33:00 | Fs.ShaDoWn · first_building Castle |
| 34:13 | Fs.ShaDoWn · age_up imperial |
| 35:50 | CORP_hector_sin_elo · first_building Siege Workshop |
| 36:12 | CORP_hector_sin_elo · age_up imperial |
| 36:30 | Fs.ShaDoWn · first_market_sell 100 food |
| 38:36 | CORP_hector_sin_elo · resign |
[ AI ANALYSIS · 1 CREDIT ]
What really happened in this match?
Wolo.gg analyzes every decision: build order, eco, micro, common mistakes by bracket. Personalized analysis on WhatsApp or Discord in 30 seconds.
Civ guide
Turks
Perfil
Jugador #459775